 Dungeon Crawl Stone Soup version 0.31-a0-229-g1fc7ce93e2 (webtiles) character file.

Game seed: 15660849743833969942

53 qw the Shooter (level 3, -1/21 HPs)
             Began as a Gargoyle Hexslinger on July 6, 2023.
             Slain by a gnoll
             ... wielding a +0 halberd
              (11 damage)
             ... on level 2 of the Dungeon.
             The game lasted 00:00:17 (844 turns).

qw the Shooter (Gargoyle Hexslinger)                 Turns: 844, Time: 00:00:17

Health: -1/21      AC:  9    Str: 11    XL:     3   Next: 87%
Magic:  4/4        EV: 11    Int: 13    God:
Gold:   32         SH:  0    Dex: 14    Spells: 3/4 levels left

rFire   . . .        Y - +2 sling
rCold   . . .        (no shield)
rNeg    + . .        d - +0 leather armour
rPois   inf          (no helmet)
rElec   +            l - +2 cloak
rCorr   .            (no gloves)
SInv    .            (no boots)
Will    .....        k - amulet of regeneration
Stlth   +            (no ring)
HPRegen 1.03/turn    (no ring)
MPRegen 0.09/turn

%: no passive effects
@: no status effects
A: sickness immunity, AC +3, negative energy resistance 1, electricity
resistance, torment resistance 1, petrification resistance
a: no special abilities


You were on level 2 of the Dungeon.
You visited 1 branch of the dungeon, and saw 2 of its levels.

You collected 32 gold pieces.


Innate Abilities, Weirdness & Mutations

You are immune to sickness and miasma.
Your stone body is resilient. (AC +3)
You are immune to poison.
You resist negative energy. (rN+)
You are resistant to electric shocks. (rElec)
You are resistant to unholy torment.
You are immune to petrification.


   Skills:
 - Level 2.3 Fighting
 + Level 3.5 Ranged Weapons
 - Level 1.5 Dodging
 - Level 1.0 Spellcasting
 - Level 2.6 Hexes


You had 3 spell levels left.
You knew the following spells:

 Your Spells              Type           Power      Damage    Failure   Level
a - Slow                  Hex            28%        N/A       12%         1

Your spell library contained the following spells:

 Spells                   Type           Power      Damage    Failure   Level
 Inner Flame              Hex/Fire       4%         N/A       54%         3
 Portal Projectile        Hex/Tloc       8%         N/A       54%         3
 Cause Fear               Hex            3%         N/A       77%         4

Inventory:

Hand Weapons
 Y - a +2 sling (weapon)
Armour
 d - a +0 leather armour (worn)
 l - a +2 cloak (worn)
Jewellery
 k - an amulet of regeneration (around neck)
Potions
 f - a potion of attraction {unknown}
 h - a potion of heal wounds {unknown}
 i - a potion of lignification {unknown}

Dungeon Overview and Level Annotations

Branches:
Dungeon (2/15)

Altars:


Message History

You shoot a sling bullet.
The sling bullet closely misses the gnoll.
The sling bullet hits the gnoll.
The gnoll is almost dead.
The gnoll closely misses you.
A ball python comes into view.
The gnoll barely misses you.
You shoot a sling bullet. The ball python hisses angrily.
The sling bullet hits the gnoll.
The gnoll is heavily wounded.
The gnoll hits you but does no damage.
A gnoll comes into view. It is wielding a +0 club.
You shoot a sling bullet.
The sling bullet closely misses the gnoll.
The gnoll shouts!
The sling bullet hits the gnoll!
The gnoll is heavily wounded.
The gnoll hits you from afar with a +0 spear.
You shoot a sling bullet. The sling bullet hits the gnoll!
You kill the gnoll!
A rat comes into view.
You shoot a sling bullet.
The sling bullet barely misses the gnoll.
The sling bullet closely misses the gnoll.
The sling bullet barely misses the ball python.
The sling bullet closely misses the gnoll.
The gnoll hits you with a +0 club.
You shoot a sling bullet. The sling bullet hits the gnoll.
The gnoll is almost dead.
The gnoll hits you from afar with a +0 halberd!
You shoot a sling bullet. The sling bullet hits the gnoll.
You kill the gnoll!
The gnoll hits you from afar with a +0 halberd.
You shoot a sling bullet.
The sling bullet hits the gnoll but does no damage.
The gnoll is almost dead.
The gnoll hits you from afar with a +0 halberd!
Ouch! That really hurt!
You die...

..# #.# #.# #.#
#.# #.# #.# ###
###.# ##.########
....####.#...>.)@#
..........######.#
.....###### #g#
#.....# #S#
##...## #g# ##.##
#r# #.# ... #.#
... #+


You could see 2 gnolls, a ball python and a rat.

Vanquished Creatures
  2 gnolls (D:2)
  An adder (D:2)
  A worm (D:1)
  2 dart slugs (D:1)
  2 bats (D:1)
  3 endoplasms (D:1)
  A giant cockroach (D:1)
  A goblin (D:1)
  4 ball pythons (D:1)
  A frilled lizard (D:1)
  A rat (D:1)
19 creatures vanquished.

Notes
Turn   | Place    | Note
-------+----------+-------------------------------------------
     0 | D:1      | qw the Gargoyle Hexslinger began the quest for the Orb.
     0 | D:1      | Reached XP level 1. HP: 12/12 MP: 2/2
     0 | D:1      | 0 ||| qw: Version: 0.3-a-46-gb1f654a
     0 | D:1      | 0 ||| qw: Game counter: 1562
     0 | D:1      | 0 ||| qw: Melee chars always use a shield: true
     0 | D:1      | 0 ||| qw: God list: Okawaru
     0 | D:1      | 0 ||| qw: Allow faded altars: false
     0 | D:1      | 0 ||| qw: Do Orc after clearing Dungeon:15 true
     0 | D:1      | 0 ||| qw: Do second Lair branch before Depths: true
     0 | D:1      | 0 ||| qw: Lair rune preference: random
     0 | D:1      | 0 ||| qw: Goals: Normal
     0 | D:1      | 0 ||| PLANNING D:1-11
   264 | D:1      | Reached XP level 2. HP: 16/16 MP: 3/3
   332 | D:1      | Reached skill level 3 in Ranged Weapons
   522 | D:1      | Reached XP level 3. HP: 21/21 MP: 4/4
   723 | D:1      | 723 ||| UPGRADING to +0 leather armour.
   733 | D:1      | 733 ||| DROPPING +0 robe.
   734 | D:1      | 734 ||| UPGRADING to +0 cloak.
   739 | D:1      | 739 ||| UPGRADING to +2 cloak.
   749 | D:1      | 749 ||| DROPPING +0 cloak.
   750 | D:1      | 750 ||| UPGRADING to amulet of regeneration.
   755 | D:1      | 755 ||| READING scroll labelled FUUWKOVONU.
   756 | D:1      | 756 ||| READING scroll labelled EGIADIMM MYUNIEPLI.
   757 | D:1      | 757 ||| READING scroll labelled BACERCH ECARCH.
   758 | D:1      | 758 ||| DROPPING scroll of poison.
   844 | D:2      | Slain by a gnoll

Levels and vault maps discovered:
D:1:      spicycebolla_arrival_clurvy, layout_loops_cross, nicolae_wormholes
D:2:      layout_loops_corners, dreamdust_ecumenical_altar_hidden_monk_grotto

Skill      XL: |  1  2  3 |
---------------+----------+-----
Ranged Weapons | 3 |  3.5
Fighting       | 2 |  2.3
Dodging        | |  1.5
Spellcasting   | |  1.0
Hexes          | |  2.6

Action                     || total
---------------------------++-------
   Fire: Sling             ||    59
    Use: Scroll            ||     3
 Armour: Robe              ||     5
         Leather armour    ||     1
  Dodge: Dodged            ||    17

Table legend:
 A = Non-vault XP
 B = Vault XP
 C = Vault XP percentage of total XP
 D = Non-vault monster count
 E = Vault monster count
 F = Vault count percentage of total count
                 A         B        C        D         E       F
            +---------+---------+-------+---------+---------+-------
      Total |      71 |       5 |   6.6 |      18 |       1 |   5.3
            +---------+---------+-------+---------+---------+-------
        D:1 |      30 |       5 |  14.3 |      15 |       1 |   6.2
        D:2 |      41 |       0 |   0.0 |       3 |       0 |   0.0
            +---------+---------+-------+---------+---------+-------
